 Dungeon Sprint DCSS version 0.30.1-11-g7821555f0a (webtiles) character file.

Game seed: 9275967354468410993

939 Groucho the Thaumaturge (level 8, 0/58 HPs)
             Began as a Djinni Earth Elementalist on Jan 3, 2024.
             Was a High Priest of Dithmenos.
             Slain by a jumping spider (3 damage)
             ... in the Dungeon (Sprint VII: "The Pits").
             The game lasted 00:03:53 (1680 turns).

Groucho the Thaumaturge (Djinni Earth Elementalist) Turns: 1680, Time: 00:03:54

Health: 0/58       AC:  2    Str:  7    XL:     8   Next: 34%
Gold:   0          EV:  7    Int: 19    God:    Dithmenos [*****.] SH:  0 Dex: 14

rFire   + + .        g - +2 dagger
rCold   x . .        (no shield)
rNeg    . . .        a - +0 robe
rPois   ∞            (no helmet)
rElec   .            (no cloak)
rCorr   .            (no gloves)
SInv    .            (boots unavailable)
Will    .....        (no amulet)
Stlth   +++          (no ring)
HPRegen 0.29/turn    (no ring)
MPRegen 0.00/turn

%: no teleportation, infuse magic (-1 HP)
@: flying, held, wreathed by umbra
A: sickness immunity, fire resistance 2, cold vulnerability 1, float, innate
caster, HP casting, extra vitality 1
a: Renounce Religion, Shadow Step, Shadow Form


You were in the Dungeon.
You worshipped Dithmenos.
Dithmenos was extremely pleased with you.
You visited 1 branch

Inventory:

Hand Weapons
 g - a +2 dagger (weapon)
Armour
 a - a +0 robe (worn)
 j - a +3 ring mail
Scrolls
 f - a scroll of blinking
 i - a scroll of summoning
Potions
 b - 6 potions of curing
 c - 4 potions of heal wounds
 d - a potion of haste
 e - 3 potions of berserk rage
 h - 2 potions of invisibility


   Skills:
 + Level 4.5 Fighting
 + Level 0.9 Short Blades
 + Level 4.5 Armour
 + Level 5.7 Dodging
 + Level 2.0 Stealth
 + Level 11.8 Spellcasting


You knew the following spells:

 Your Spells              Type           Power      Damage    Failure   Level
a - Sandblast             Erth           100%       2d20      1%          1
b - Passwall              Tmut/Erth      45%        N/A       1%          2
c - Stone Arrow           Conj/Erth      100%       3d13      1%          3
d - Petrify               Tmut/Erth      54%        N/A       1%          4
e - Beastly Appendage     Tmut           100%       N/A       1%          1
f - Momentum Strike       Conj/Tloc      100%       3d10      1%          2
g - Ensorcelled Hibernat  Hex/Ice        100%       N/A       1%          2
Your spell library was empty.

Dungeon Overview and Level Annotations

Branches:
Dungeon (1/1)

Altars:
Ashenzari
Cheibriados
Dithmenos
Elyvilon
Fedhas
Gozag
Hepliaklqana
Makhleb
Nemelex Xobeh
Okawaru
Qazlal
Ru
Trog
Uskayaw
Wu Jian
Xom
Yredelemnul
Zin
The Shining One
Jiyva
Lugonu


Innate Abilities, Weirdness & Mutations

You are immune to sickness and miasma.
You are immune to poison.
Your flesh is very heat resistant. (rF++)
You are vulnerable to cold. (rC-)
You float through the air rather than walking.
You learn spells naturally, not from books.
Your magical power is your life essence.
You have superior vitality. (+4 MHP)


Message History

The stone arrow misses the jumping spider.
The jumping spider pounces on you!!
You are caught in a web!
The jumping spider bites you.
Unknown command.
Unknown command.
Aiming: Stone Arrow (safe; 1% risk of failure)
Press: ? - help, Q - select action, (/) - cycle Shift-Dir - straight line, f/p - jumping spider
Aim: a jumping spider (umbra, 72% to hit)
The stone arrow hits the jumping spider!
The jumping spider is moderately wounded.
Your shadow mimicks your spell!
The shadow shard hits the jumping spider!
* * * LOW HITPOINT WARNING * * *
The jumping spider closely misses you. The jumping spider bites you.
* * * LOW HITPOINT WARNING * * *
The jumping spider pounces on you.
* * * LOW HITPOINT WARNING * * *
The jumping spider bites you.
* * * LOW HITPOINT WARNING * * *
You feel much better. The jumping spider barely misses you.
The jumping spider closely misses you.
Unknown command.
Unknown command.
Aiming: Stone Arrow (safe; 1% risk of failure)
Press: ? - help, Q - select action, (/) - cycle Shift-Dir - straight line, f/p - jumping spider
Aim: a jumping spider (severely wounded, umbra, 72% to hit)
The stone arrow hits the jumping spider!
The jumping spider is almost dead.
The jumping spider pounces on you! The jumping spider bites you.
* * * LOW HITPOINT WARNING * * *
The jumping spider pounces on you!
* * * LOW HITPOINT WARNING * * *
The jumping spider bites you.
* * * LOW HITPOINT WARNING * * *
Unknown command.
Unknown command.
You feel much better. The jumping spider pounces on you!
* * * LOW HITPOINT WARNING * * *
The jumping spider bites you.
You die...

#)#........##.......#
#'###########.......#
#.......# #########
#..#.#..# #.##.##.#
#.......#+#
#.##.##.#.+
#..#.#..#s#
#)......@)#
###########


You could see a jumping spider.

Vanquished Creatures
  A flying skull (D)
  2 floating eyes (D)
  Duvessa (D)
  6 wights (D)
  Dowan (D)
  2 orc priests (D)
  2 adders (D)
  2 gnolls (D)
  An ufetubus (D)
  An adder skeleton (D)
  3 orcs (D)
  A giant cockroach (D)
  A goblin (D)
24 creatures vanquished.

Notes
Turn   | Place    | Note
-------+----------+-------------------------------------------
     0 | D        | Groucho the Djinni Earth Elementalist began the quest for
                  | the Orb.
     0 | D        | Groucho set off with the following spells memorised:
                  | Sandblast, Passwall, Stone Arrow, Petrify.
     0 | D        | Reached XP level 1. HP: 15/15 MP: 0/0
    10 | D        | Reached skill level 3 in Spellcasting
    37 | D        | Found a glowing golden altar of the Shining One.
    37 | D        | Found a glowing silver altar of Zin.
    37 | D        | Found a basalt altar of Yredelemnul.
    37 | D        | Found a shimmering altar of Xom.
    37 | D        | Found an ornate altar of the Wu Jian Council.
    37 | D        | Found a bloodstained altar of Trog.
    37 | D        | Found a sacrificial altar of Ru.
    37 | D        | Found a stormy altar of Qazlal.
    37 | D        | Found an iron altar of Okawaru.
    37 | D        | Found a sparkling altar of Nemelex Xobeh.
    37 | D        | Found a burning altar of Makhleb.
    37 | D        | Found a viscous altar of Jiyva.
    37 | D        | Found a hazy altar of Hepliaklqana.
    37 | D        | Found an opulent altar of Gozag.
    37 | D        | Found a blossoming altar of Fedhas.
    37 | D        | Found a white marble altar of Elyvilon.
    37 | D        | Found a shadowy altar of Dithmenos.
    37 | D        | Found a snail-covered altar of Cheibriados.
    38 | D        | Found a corrupted altar of Lugonu.
    39 | D        | Found a hide-covered altar of Uskayaw.
    39 | D        | Found a broken altar of Ashenzari.
    45 | D        | Became a worshipper of Dithmenos the Shadowed
    60 | D        | Reached skill level 4 in Spellcasting
    60 | D        | Reached XP level 2. HP: 7/21 MP: 0/0
   309 | D        | Reached * piety under Dithmenos
   310 | D        | Reached skill level 5 in Spellcasting
   310 | D        | Reached XP level 3. HP: 24/25 MP: 0/0
   310 | D        | Learned a level 1 spell: Beastly Appendage
   477 | D        | Reached ** piety under Dithmenos
   481 | D        | Noticed a floating eye
   483 | D        | Killed a floating eye
   484 | D        | Reached skill level 8 in Spellcasting
   484 | D        | Reached XP level 4. HP: 28/31 MP: 0/0
   484 | D        | Reached XP level 5. HP: 32/35 MP: 0/0
   484 | D        | Learned a level 2 spell: Momentum Strike
   486 | D        | Noticed a floating eye
   488 | D        | Killed a floating eye
   489 | D        | Reached skill level 9 in Spellcasting
   489 | D        | Reached XP level 6. HP: 36/40 MP: 0/0
   538 | D        | Noticed a flying skull
   558 | D        | Killed a flying skull
   559 | D        | Reached skill level 11 in Spellcasting
   559 | D        | Reached XP level 7. HP: 36/45 MP: 0/0
   559 | D        | Learned a level 2 spell: Ensorcelled Hibernation
   743 | D        | Noticed Duvessa
   759 | D        | Killed Duvessa
   759 | D        | Reached *** piety under Dithmenos
   760 | D        | Reached skill level 1 in Fighting
   760 | D        | Reached skill level 1 in Armour
   771 | D        | Noticed Dowan
   774 | D        | Killed Dowan
   821 | D        | Reached **** piety under Dithmenos
  1005 | D        | Reached skill level 5 in Dodging
  1005 | D        | Reached XP level 8. HP: 54/58 MP: 0/0
  1249 | D        | Reached ***** piety under Dithmenos
  1675 | D        | Noticed a jumping spider
  1679 | D        | HP: 2/58 [jumping spider (2)]
  1680 | D        | Slain by a jumping spider

Illustrated notes

Levels and vault maps discovered:
D:        pitsprint [storerooms_1, entrance_room_1, metal_vault_2, armoury_1,
          mini_pit_1, grid_room_1, main_hall_1, silver_pit, the_coven_2,
          the_vestibule_1, steel_vault_2, golden_pit, hallway_of_sentries,
          crystal_vault_1, iron_vault_2, final_vault]

Skill      XL: |  1  2  3  4  5  6  7  8 |
---------------+-------------------------+-----
Spellcasting   | 4 5 8 9 11 | 11.8
Fighting       | 3 4 |  4.5
Armour         | 3 4 |  4.5
Dodging        | 5 |  5.7
Stealth        | 2 |  2.0
Short Blades   | |  0.9

Action                     |  1- 3 |  4- 6 |  7- 9 || total
---------------------------+-------+-------+-------++-------
   Cast: Sandblast         |    13 |     2 |       ||    15
         Stone Arrow       |       |     3 |    26 ||    29
    Use: Potion            |       |       |     2 ||     2
  Dodge: Dodged            |     3 |       |     4 ||     7
